AoeStats
← Denera

Arabian Desert

510153754Analyzed
1v1 RM · 2d ago on Sep 29, 2026· 21m 35s· 2 players
Game mode
Random Map
Map size
Tiny (2 player)
Population
200
Speed
Normal
Resources
Standard
Victory
Conquest
Starting age
Dark Age
Ending age
Imperial Age
RankedLock teamsTeams togetherTeam positionsShared explorationLock speedFull tech treeHidden civsTurbo modeCheats
Victory
Defeat
🇧🇷 Hindustanis · Brazil
1436
+14
🇬🇧 Magyars · United Kingdom
1387
-14
Denera
6:45 Loom
9:29 Feudal Age
10:16 Double-Bit Axe
10:51 Horse Collar
14:56 Town Watch
16:28 Wheelbarrow
20:31 Castle Age
18:43 Gold Mining
19:56 Bloodlines
19:52 Scale Barding Armor
20:44 Forging
(ATBL) bigwillym
6:26 Loom
9:24 Feudal Age
9:54 Double-Bit Axe
10:08 Horse Collar
19:33 Scale Barding Armor
20:31 Bloodlines
Connection lost

Rejoining the realm…

Still unreachable

The connection could not be restored.

Session expired

The server has moved on; the page needs a fresh start.